Map: Agria Valley

Players

Player 2

  • Race: Zerg Zerg
  • Spawn Location: 5:00

NamroodTuo - Winner!

  • Race: Terran Terran
  • Spawn Location: 11:00

VOD

Have the link to the VOD?

Description

Time

  • Played on: Jan. 19, 2023, 2:09 p.m.
  • Length: 9:58
Show
View Real Time Build Order
Export as new Build Order

Player 2 Zerg 

Build Orders: Hatch First 

Get SALT Encoding   

  12  0:01  Drone  
  12  0:03  Unknown  
  13  0:12  Overlord  
  13  0:18  Drone  
  14  0:30  Drone  
  14  0:32  Drone  
  14  0:33  Drone  
  17  0:58  Hatchery, Drone  
  17  1:02  Unknown  
  17  1:11  Spawning Pool  
  17  1:13  Drone  
  17  1:16  Drone  
  18  1:19  Extractor  
  18  1:22  Drone  
  18  1:29  Overlord  
  18  1:36  Drone  
  19  1:48  Zergling x2  
  19  1:49  Queen  
  20  1:54  Zergling x2  
  21  2:08  Roach Warren  
  22  2:09  Drone  
  22  2:12  Extractor  
  22  2:14  Drone  
  23  2:26  Drone  
  24  2:38  Roach  
  24  2:40  Roach  
  24  2:41  Roach, Overlord  
  30  2:48  Roach  
  32  2:54  Roach  
  34  2:59  Drone  
  34  3:01  Drone  
  34  3:04  Drone  
  37  3:07  Lair  
  34  3:25  Extractor  
  33  3:28  Extractor  
  33  3:29  Drone  
  33  3:32  Zergling x2  
  33  3:36  Zergling x2  
  33  3:40  Drone  
  35  3:43  Zergling x2  
  36  3:48  Queen  
  36  3:50  Overlord  
  34  4:06  Zergling x2  
  34  4:08  Hydralisk Den  
  36  4:12  Zergling x2  
  36  4:16  Drone  
  36  4:24  Drone  
  33  4:30  Drone  
  32  4:34  Drone  
  32  4:35  Drone  
  32  4:37  Drone  
  35  4:42  Drone  
  36  4:51  Hydralisk  
  36  4:58  Drone  
  39  5:03  Drone  
  39  5:06  Drone  
  41  5:10  Drone  
  41  5:14  Drone  
  43  5:17  Drone  
  44  5:21  Drone  
  44  5:24  Drone  
  46  5:31  Overlord  
  46  5:38  Evolution Chamber  
  46  5:40  Drone  
  46  5:49  Roach, Evolution Chamber  
  47  5:53  Drone  
  48  6:01  Roach  
  50  6:10  Hydralisk  
  50  6:17  Overlord  
  52  6:21  Hydralisk, Drone  
  52  6:24  Drone  
  56  6:28  Drone  
  56  6:31  Drone  
  58  6:34  Drone  
  58  6:37  Drone  
  60  6:41  Drone  
  60  6:46  Overlord  
  61  6:50  Drone  
  61  6:52  Drone  
  63  6:54  Drone  
  63  6:57  Drone  
  63  6:59  Drone  
  67  7:01  Drone  
  67  7:04  Drone  
  67  7:08  Overlord  
  68  7:10  Drone  
  68  7:13  Drone  
  68  7:15  Drone  
  71  7:17  Drone  
  71  7:19  Drone  
  74  7:23  Drone  
  74  7:25  Hydralisk, Drone  
  74  7:29  Hydralisk  
  68  7:35  Zergling x2  
  68  7:36  Hydralisk  
  49  7:42  Zergling x2  
  49  7:43  Hydralisk  
  50  7:49  Zergling x2  
  50  7:50  Hydralisk  
  46  8:10  Spawning Pool  
  45  8:19  Spawning Pool  
  37  8:25  Overlord  
  37  8:29  Lair  
  37  8:39  Overlord  
  36  8:45  Zergling x2  
  36  8:57  Zergling x2  
  36  9:01  Evolution Chamber, Zergling x2  
  36  9:06  Overlord  
  36  9:07  Zergling x2  
  36  9:09  Evolution Chamber  
  24  9:23  Drone  
  17  9:28  Spire  
Show
View Real Time Build Order
Export as new Build Order

NamroodTuo Terran - Winner!

Build Orders:  

Get SALT Encoding   

  12  0:00  Unknown x2, SCV  
  12  0:03  Unknown  
  13  0:20  SCV, Factory  
  14  0:32  Supply Depot  
  14  0:33  SCV  
  15  0:51  Refinery  
  15  0:56  Refinery  
  15  1:00  Supply Depot  
  15  1:02  SCV  
  16  1:16  Hellbat  
  18  1:29  SCV  
  19  1:35  Engineering Bay  
  19  1:39  SCV  
  20  1:48  SCV  
  21  1:57  Neosteel Armor  
  21  1:58  SCV, Hellbat  
  22  2:08  SCV  
  25  2:29  Unknown  
  25  2:52  SCV  
  25  2:54  Unknown  
  26  3:00  Armory  
  26  3:01  SCV  
  27  3:11  Unknown, SCV  
  28  3:21  SCV  
  27  3:28  Unknown  
  27  3:30  SCV  
  28  4:26  Hi-Sec Auto Tracking  
  28  4:30  Unknown  
  26  4:31  Unknown  
  26  4:38  Supply Depot  
  26  4:51  Unknown  
  26  4:54  Supply Depot  
  26  4:58  Unknown  
  26  5:08  Supply Depot  
  26  5:20  Factory  
  26  5:22  Factory  
  26  5:35  Cyclone  
  29  5:50  Unknown  
  29  6:03  Unknown  
  29  6:05  Unknown  
  29  6:09  Unknown  
  29  6:16  Unknown  
  29  6:21  Cyclone  
  29  6:26  Unknown  
  29  6:28  Unknown  
  29  6:30  Unknown  
  32  6:45  Unknown x2  
  32  6:58  Unknown  
  32  7:05  Unknown  
  32  7:13  Unknown, Terran Vehicle and Ship Weapons Level 1  
  32  7:23  Unknown x6  
  32  7:42  Cyclone x3  
  32  7:43  Cyclone x3  
  50  8:06  Unknown  
  50  8:08  Mag-Field Accelerator  
  50  8:41  Cyclone  
  53  8:56  Supply Depot x2  
  53  8:57  Supply Depot  
Tags
 
Matchup
TvZ
Replay Pack
Multiplayer
Spawn Locations
Cross Positions
Add a new tag
Caveats
  • Supply blocks, unpowered buildings, or Contaminate may cause inaccurate times.
  • Supply counts are checked every 10 seconds.